 Dungeon Crawl Stone Soup version 0.28-a0-1518-gbe868bca14 (webtiles) character file.

Game seed: 9465162272633791508

8 knot the Skirmisher (level 2, 19/24 HPs)
             Began as a Demonspawn Berserker on Jan 17, 2022.
             Was a Follower of Trog.
             Quit the game on level 1 of the Dungeon.
             The game lasted 00:00:46 (553 turns).

knot the Skirmisher (Demonspawn Berserker)           Turns: 553, Time: 00:00:47

Health: 19/24      AC:  2    Str: 17    XL:     2   Next: 0%
Magic:  2/2        EV: 12    Int:  8    God:    Trog [*.....]
Gold:   74         SH:  0    Dex: 14    Spells: 1/1 levels left

rFire   . . .      SeeInvis .   a - +0 hand axe
rCold   . . .      Faith    .   (no shield)
rNeg    . . .      Spirit   .   b - +0 animal skin
rPois   .          Reflect  .   (no helmet)
rElec   .          Harm     .   (no cloak)
rCorr   .          Rampage  .   (no gloves)
Will    .....                   (no boots)
Stlth   ++........              (no amulet)
HPRegen 0.08/turn               (no ring)
MPRegen 0.08/turn               (no ring)

@: no status effects
A: thin skeletal structure 1
a: Renounce Religion, Berserk


You were on level 1 of the Dungeon.
You worshipped Trog.
Trog was aware of your devotion.
You visited 1 branch of the dungeon, and saw 1 of its levels.

You collected 74 gold pieces.

Inventory:

Hand Weapons
 a - a +0 hand axe (weapon)
Missiles
 g - 22 stones (quivered)
 i - 14 sling bullets
Armour
 b - a +0 animal skin (worn)
Scrolls
 d - a scroll of silence {unknown}
 f - 2 scrolls of fear {unknown}
 h - 2 scrolls of identify {unknown}
Potions
 c - a potion of mutation {unknown}
 e - a potion of brilliance {unknown}


   Skills:
 + Level 3.1 Fighting
 + Level 2.8 Axes
 + Level 2.0 Armour
 + Level 2.0 Dodging


You had one spell level left.
You didn't know any spells.
Your spell library was empty.

Dungeon Overview and Level Annotations

Branches:
Dungeon (1/15)

Altars:


Innate Abilities, Weirdness & Mutations

You have a somewhat thin skeletal structure. (Dex +2, Stealth+)


Message History

a +0 whip; a kobold corpse
h - 2 scrolls labelled YLYABYAL YGUIRCH You see here a rat corpse.
You now have 74 gold pieces (gained 11).
i - 14 sling bullets A bat comes into view.
The bat moves out of view.
A kobold comes into view. It is wielding a +0 dagger.
The kobold shouts!
The bat hits you. x2
The bat closely misses you.
You hit the bat but do no damage. You hit the bush but do no damage.
The bat hits you.
The bat completely misses the bush.
The bat barely misses you.
You hit the bat.
The bat is severely wounded.
You hit the bush but do no damage. The bat hits you.
The bat closely misses you.
You hit the bat.
You kill the bat!
Trog accepts your kill.
You completely miss the bush.
Your Armour skill increases to level 2!
No target in view!
No target in view!
No target in view!
A kobold is nearby!
The kobold barely misses you.
A kobold is nearby!
You hit the kobold.
The kobold is severely wounded.
The kobold misses you.
You hit the kobold.
You kill the kobold!
Trog accepts your kill.
Your Dodging skill increases to level 2!
You have reached level 2!
Your demonic ancestry asserts itself...
Your bones become slightly less dense.
Are you sure you want to abandon this character and quit the game? (Confirm with "yes".)

.#..... ####... # ...
#...... ..##... .#..##
..#............ .....#
............... #..#.#
......# #K.... .....#
......# #..$.. #....#
......# #.....##....#
#..#### #.....#@.†# #
#....## ######.).♣P##..#
.P.♣..###......#.PP..#
#.♣♣♣PP#..........##...#
#..♣)♣...........## #..#
#.P...#..........# ...#
##...##......>...# ...
.................# ..
#######..........#


There were no monsters in sight!

Vanquished Creatures
  An endoplasm (D:1)
  2 kobolds (D:1)
  2 ball pythons (D:1)
  A bat (D:1)
  A goblin (D:1)
  2 rats (D:1)
9 creatures vanquished.

Notes
Turn   | Place    | Note
-------+----------+-------------------------------------------
     0 | D:1      | knot the Demonspawn Berserker began the quest for the Orb.
     0 | D:1      | Reached XP level 1. HP: 18/18 MP: 1/1
   553 | D:1      | Gained mutation: You have a somewhat thin skeletal
                  | structure. (Dex +2, Stealth+) [demonic ancestry]
   553 | D:1      | Reached XP level 2. HP: 19/24 MP: 2/2
   553 | D:1      | Quit the game

Illustrated notes

Levels and vault maps discovered:
D:1:      amcnicky_arrival_underground_garden, layout_rooms, serial_forest,
          infiniplex_forest_clump_tiny, infiniplex_forest_end_3,
          infiniplex_forest_end_3, infiniplex_forest_end_1,
          infiniplex_forest_clump_small, infiniplex_forest_clump_large,
          infiniplex_forest_clump_tiny, shapermc_ecumenical_altar_petra

Skill      XL: |  1 |
---------------+----+-----
Armour         | 2 |  2.0
Dodging        | 2 |  2.0
Fighting       | |  3.1
Axes           | |  2.8

Action                   || total
-------------------------++-------
Melee: Hand axe          ||    15
Invok: Berserk           ||     1
Dodge: Dodged            ||    12

Table legend: (Time is in decaauts)
 A = Elapsed time spent in this place.
 B = Non-inter-level travel time spent in this place.
 C = Inter-level travel time spent in this place.
 D = Time resting spent in this place.
 E = Time spent auto-exploring this place.
 F = Levels seen in this place.
 G = Mean time per level.
                   A        B        C        D        E       F      G
               +--------+--------+--------+--------+--------+-----+--------+
         Total |    570 |    570 |      0 |    212 |    312 |   1 |  570.0 |
       Dungeon |    570 |    570 |      0 |    212 |    312 |   1 |  570.0 |
               +--------+--------+--------+--------+--------+-----+--------+

Top non-repeatable levels by time:
     D:1: 570 daAuts
